 Dungeon Crawl Stone Soup version 0.23.1 (webtiles) character file.

Game seed: 17048883347031774417

1953 Hylith the Cleaver (level 9, -1/78 HPs)
             Began as a Hill Orc Fighter on Mar 10, 2019.
             Was a Priest of Okawaru.
             Slain by an orc warrior
             ... wielding a +0 glaive
              (10 damage)
             ... on level 6 of the Dungeon.
             The game lasted 00:14:32 (4917 turns).

Hylith the Cleaver (Hill Orc Fighter)               Turns: 4917, Time: 00:14:33

Health: -1/78      AC: 16    Str: 22    XL:     9   Next: 19%
Magic:  9/9        EV:  4    Int:  8    God:    Okawaru [***...]
Gold:   389        SH: 10    Dex: 10    Spells: 8/8 levels left

rFire    . . .     SeeInvis .   a - +0 war axe
rCold    . . .     Gourm    .   c - +0 shield
rNeg     . . .     Faith    .   H - +0 plate armour
rPois    +         Spirit   .   q - +0 helmet
rElec    .         Reflect  .   (no cloak)
rCorr    .         Harm     .   m - +1 pair of gloves
MR       +....                  (no boots)
Stlth    ..........             (no amulet)
HPRegen  0.23/turn              A - ring of poison resistance
MPRegen  0.11/turn              y - ring of protection from magic

@: no status effects
A: no striking features
a: Heroism, Renounce Religion


You were on level 6 of the Dungeon.
You worshipped Okawaru.
Okawaru was most pleased with you.
You were not hungry.

You visited 2 branches of the dungeon, and saw 7 of its levels.
You also visited: Ossuary.

You collected 389 gold pieces.

Inventory:

Hand Weapons
 a - a +0 war axe (weapon)
Missiles
 k - 3 tomahawks of returning (quivered)
Armour
 b - a +0 chain mail
 c - a +0 shield (worn)
 m - a +1 pair of gloves (worn)
 q - a +0 helmet (worn)
 H - a +0 plate armour (worn)
Jewellery
 h - an uncursed ring of ice
 y - a ring of protection from magic (right hand)
 A - a ring of poison resistance (left hand)
Scrolls
 i - 3 scrolls of enchant armour {unknown}
 j - 5 scrolls of magic mapping
 l - a scroll of enchant weapon {unknown}
 p - 3 scrolls of amnesia
 r - 4 scrolls of teleportation
 s - 4 scrolls of random uselessness
 v - 6 scrolls of fog
 w - 2 scrolls of fear {unknown}
 z - a scroll of remove curse
 C - a scroll of silence {unknown}
 D - a scroll of noise {unknown}
 E - 2 scrolls of immolation {unknown}
 I - a scroll of blinking {unknown}
Potions
 d - 3 potions of might
 e - 2 potions of flight {unknown}
 g - 6 potions of curing {unknown}
 n - 2 potions of berserk rage {unknown}
 o - a potion of brilliance {unknown}
 t - a potion of agility {unknown}
 u - 2 potions of haste {unknown}
 x - 2 potions of lignification {unknown}
 B - 5 potions of degeneration {unknown}
 F - 3 potions of ambrosia {unknown}
 G - 2 potions of mutation {unknown}
Comestibles
 f - 12 rations
 J - 2 chunks of flesh


   Skills:
 * Level 6.8 Fighting
 * Level 11.4 Axes
 * Level 6.4 Armour
 + Level 5.1 Shields


You had 8 spell levels left.
You didn't know any spells.
Your spell library was empty.

Dungeon Overview and Level Annotations

Branches:
Dungeon (6/15)             Temple (1/1) D:4

Altars:
Ashenzari
Cheibriados
Dithmenos
Fedhas
Gozag
Kikubaaqudgha
Nemelex Xobeh
Okawaru
Qazlal
Sif Muna
Uskayaw
Xom
Yredelemnul
The Shining One

Annotations:
D:3 1 runed translucent door


Message History

* * * LOW HITPOINT WARNING * * *
You hit the orc warrior.
The orc warrior is moderately wounded.
You block the orc warrior's attack.
You hit the orc warrior but do no damage.
The orc warrior is moderately wounded.
The orc warrior hits you but does no damage.
You hit the orc warrior.
The orc warrior is moderately wounded.
Your shield and plate armour prevent you from hitting the orc warrior.
The orc warrior is moderately wounded.
The orc warrior hits you with a +0 glaive.
* * * LOW HITPOINT WARNING * * *
You closely miss the orc warrior.
The orc warrior is moderately wounded.
You block the orc warrior's attack.
You slash the orc warrior!
The orc warrior is almost dead.
The orc warrior hits you with a +0 glaive!
You die...

#####..........#
......>.^...##.. ##
######.....## . .#
##...## .#
##.########.#
#..........#
#########..# ###
#######..# #######
#.. .......@.###
.o..... #.#
########o.#.. .....##
#.# #.........#.# ###
## # #.#
#.######.##.# #. #
#.# #.# ##.##.# #.
####.####.#####...#.#
####'
..........<.....#...#
##....
####.#####.#.##...###
##..... # #.#
#.#[###.## ##......


You could see an orc warrior.

Vanquished Creatures
  A troll (D:6)
  2 ice beasts (D:6)
  An ogre (D:5)
  An orc warrior (D:5)
  2 phantoms (D:4)
  2 centaurs (D:5)
  A big kobold (D:6)
  A scorpion (D:4)
  A water moccasin skeleton (D:4)
  2 howler monkeys
  2 crimson imps (D:5)
  2 centaur zombies
  Crazy Yiuf (D:4)
  A human zombie (Ossuary)
  2 orc priests (D:6)
  2 centaur skeletons
  A hound (D:4)
  A jelly (D:5)
  An orc wizard (D:6)
  2 worker ants
  Terence (D:2)
  A hound zombie (D:6)
  3 mummies (Ossuary)
  2 worker ant zombies (D:6)
  5 gnolls
  8 adders
  An adder skeleton (D:6)
  4 worms (D:3)
  A dart slug (D:1)
  7 leopard geckos
  16 orcs
  5 giant cockroaches
  5 goblins
  8 hobgoblins
  4 jackals
  2 quokkas
  6 bats
  5 frilled lizards
  4 gnoll zombies
  A goblin zombie (Ossuary)
  12 kobolds
  A kobold zombie (Ossuary)
  2 orc zombies (Ossuary)
  3 rats
136 creatures vanquished.

Notes
Turn   | Place    | Note
-------+----------+-------------------------------------------
     0 | D:1      | Hylith the Hill Orc Fighter began the quest for the Orb.
     0 | D:1      | Reached XP level 1. HP: 19/19 MP: 1/1
    83 | D:1      | Reached XP level 2. HP: 13/27 MP: 2/2
   364 | D:1      | Reached skill level 3 in Axes
   656 | D:2      | Reached XP level 3. HP: 32/33 MP: 3/3
   771 | D:2      | Noticed Terence
   798 | D:2      | Killed Terence
   798 | D:2      | Reached skill level 4 in Axes
   798 | D:2      | Reached XP level 4. HP: 22/40 MP: 4/4
   976 | D:2      | Found an iron altar of Okawaru.
   983 | D:2      | Became a worshipper of Warmaster Okawaru
  1091 | D:2      | Found a shimmering altar of Xom.
  1272 | D:3      | Found a shattered altar of Ashenzari.
  1399 | D:3      | Found a hide-covered altar of Uskayaw.
  1556 | D:3      | Reached XP level 5. HP: 39/47 MP: 5/5
  1769 | D:3      | Found a glowing golden altar of the Shining One.
  1769 | D:3      | Noticed an angel
  1770 | D:3      | Found a runed translucent door.
  1888 | D:4      | Reached skill level 5 in Axes
  1973 | D:4      | Found a basalt altar of Yredelemnul.
  2134 | D:4      | Reached XP level 6. HP: 49/53 MP: 6/6
  2143 | D:4      | Reached skill level 6 in Axes
  2215 | D:4      | Noticed a phantom
  2665 | D:4      | Reached * piety under Okawaru
  2827 | D:4      | Found a staircase to the Ecumenical Temple.
  2853 | D:4      | Noticed a phantom
  2862 | Temple   | Entered the Ecumenical Temple
  2979 | D:4      | Killed a phantom
  3010 | D:4      | Killed a phantom
  3010 | D:4      | Reached skill level 5 in Fighting
  3010 | D:4      | Reached skill level 7 in Axes
  3010 | D:4      | Reached skill level 5 in Armour
  3010 | D:4      | Reached XP level 7. HP: 50/61 MP: 7/7
  3166 | D:4      | Found a runed translucent door.
  3167 | D:4      | Noticed Crazy Yiuf
  3218 | D:4      | Killed Crazy Yiuf
  3293 | D:5      | Entered Level 5 of the Dungeon
  3322 | D:5      | Reached ** piety under Okawaru
  3322 | D:5      | Reached skill level 8 in Axes
  3356 | D:5      | Reached XP level 8. HP: 6/69 MP: 8/8
  3584 | D:5      | Found a sand-covered staircase.
  3639 | Ossuary  | Entered an ossuary
  3679 | Ossuary  | Reached skill level 9 in Axes
  4203 | D:6      | Noticed a troll
  4272 | D:6      | Reached skill level 10 in Axes
  4512 | D:6      | Reached *** piety under Okawaru
  4583 | D:6      | Reached XP level 9. HP: 67/78 MP: 9/9
  4685 | D:6      | Reached skill level 11 in Axes
  4847 | D:6      | Killed a troll
  4847 | D:6      | Reached skill level 5 in Shields
  4917 | D:6      | Slain by an orc warrior

Skill      XL: |  1  2  3  4  5  6  7  8  9 |
---------------+----------------------------+-----
Axes           | 3 4 5 7 8 10 11 | 11.4
Fighting       | 4 5 6 |  6.8
Armour         | 4 5 6 |  6.4
Shields        | 4 5 |  5.1

Action                   |  1- 3 |  4- 6 |  7- 9 || total
-------------------------+-------+-------+-------++-------
Melee: War axe           |    97 |   184 |   289 ||   570
  Use: Scroll            |       |       |     7 ||     7
  Eat: Chunk             |       |     6 |     8 ||    14
Armor: Scale mail        |    72 |    11 |       ||    83
       Chain mail        |       |    79 |    66 ||   145
       Plate armour      |       |       |    88 ||    88
Dodge: Dodged            |    44 |    42 |    47 ||   133
Block: Shield            |    69 |    75 |   114 ||   258
